 Dungeon Crawl Stone Soup version 0.18.1-50-g88ac8fd (webtiles) character file.

1350 nikopol the Chopper (level 8, -4/109 HPs)
             Began as a Minotaur Berserker on Sept 23, 2016.
             Was an Elder of Trog.
             Slain by an ice beast (11 damage)
             ... on level 6 of the Dungeon.
             The game lasted 00:17:59 (5879 turns).

nikopol the Chopper (Minotaur Berserker)            Turns: 5879, Time: 00:18:00

Health: -4/109     AC: 12    Str: 26    XL:     8   Next: 36%
Magic:  7/7        EV: 13    Int:  4    God:    Trog [****..]
Gold:   351        SH:  0    Dex: 13    Spells: 0 memorised, 7 levels left

rFire  + . .     SeeInvis .     a - +0 war axe
rCold  . . .     Gourm    .     H - +1 scale mail {rF+}
rNeg   . . .     Faith    .     (no shield)
rPois  .         Spirit   .     (helmet restricted)
rElec  .         Dismiss  .     f - +1 cloak
rCorr  .         Reflect  .     h - +0 pair of gloves
SustAt +         Harm     .     (no boots)
MR     .....                    (no amulet)
Stlth  ..........               (no ring)
                                l - ring of sustain attributes

@: berserking, very quick, not resistant to hostile enchantments, extremely
unstealthy
A: retaliatory headbutt, horns 2
a: Berserk, Trog's Hand, Brothers in Arms, Burn Spellbooks, Renounce Religion


You were on level 6 of the Dungeon.
You worshipped Trog.
Trog was greatly pleased with you.
You were hungry.

You visited 1 branch of the dungeon, and saw 6 of its levels.
You also visited: Ossuary.

You collected 351 gold pieces.

Inventory:

Hand Weapons
 a - a +0 war axe (weapon)
 y - a +0 hand axe
 z - a +0 shortbow
Missiles
 J - 17 arrows
Armour
 b - a +0 animal skin
 f - a +1 cloak (worn)
 h - a +0 pair of gloves (worn)
 o - a +0 ring mail
 H - a +1 scale mail of fire resistance (worn)
Jewellery
 l - a ring of sustain attributes (left hand)
 x - an uncursed ring of positive energy
Wands
 t - a wand of lightning (9/15)
Scrolls
 e - 2 scrolls of noise {unknown}
 i - 3 scrolls of blinking
 j - 2 scrolls of random uselessness {unknown}
 k - a scroll of immolation
 n - a scroll of enchant armour
 p - 4 scrolls of remove curse
 B - 2 scrolls of teleportation
 F - a scroll of magic mapping
Potions
 d - a potion of cancellation {unknown}
 m - 3 potions of might
 q - 2 potions of curing
 r - 2 potions of brilliance
 u - a potion of lignification {unknown}
 A - 4 potions of mutation
 C - 3 potions of magic
 D - 2 potions of heal wounds {unknown}
 E - a potion of haste {unknown}
 G - a potion of resistance {unknown}
 I - a potion of flight {unknown}
Comestibles
 c - 3 bread rations
 g - 3 slices of pizza
 s - 3 meat rations
 v - 5 fruits
 w - a chunk of flesh


   Skills:
 + Level 7.1 Fighting
 * Level 7.2 Axes
 * Level 2.0 Bows
 + Level 6.2 Armour
 + Level 5.7 Dodging


You had 7 spell levels left.
You didn't know any spells.

Dungeon Overview and Level Annotations

Branches:
Dungeon (6/15)             Temple (0/1) D:4

Altars:
Kikubaaqudgha
Trog
Xom

Shops:
D:4 (


Innate Abilities, Weirdness & Mutations

You reflexively headbutt those who attack you in melee.
You have a pair of horns on your head.


Message History

* * * LOW HITPOINT WARNING * * *
You hit the iguana. You headbutt the iguana!
The iguana is severely wounded.
The iguana closely misses you.
A red film seems to cover your vision as you go berserk!
You feel yourself moving faster!
You feel mighty!
You are feeling hungry.
The iguana barely misses you. You furiously retaliate!
You headbutt the iguana!
You kill the iguana!
Trog accepts your kill.
Your Bows skill increases to level 2!
You feel a strong urge to attack something.
You slash the ice beast!
The ice beast is heavily wounded.
You slash the ice beast! Your headbutt misses the ice beast.
The ice beast is almost dead.
The ice beast hits you.
* * * LOW HITPOINT WARNING * * *
The ice beast freezes you!
You die...

.#####################
......†......Y@.......
.########....#####..##
####...)###
....'......#
#####....#.#
#......###..#
#...#....<...
#...#.#####..#
#...#........#.


You could see an ice beast.

Vanquished Creatures
  The ghost of Lucio the Covert, a novice SpVM (D:6)
  Edmund (D:4)
  3 ogres
  A centaur (D:6)
  The ghost of cedor the Ducker, a weakling DsGl (D:3)
  A howler monkey (D:6)
  2 hounds
  3 iguanas
  Natasha (twice) (D:3)
  13 mummies (Ossuary)
  9 adders
  2 worms (D:2)
  4 dart slugs
  3 giant geckos
  5 orcs
  3 giant cockroaches
  7 goblins
  9 hobgoblins
  11 jackals
  2 quokkas (D:5)
  2 ball pythons
  12 bats
  4 giant newts
  A gnoll skeleton (Ossuary)
  A goblin skeleton (Ossuary)
  12 kobolds
  3 kobold skeletons (Ossuary)
  3 orc skeletons (Ossuary)
  5 rats
  11 rat skeletons (Ossuary)
137 creatures vanquished.

Notes
Turn   | Place    | Note
--------------------------------------------------------------
     0 | D:1      | nikopol the Minotaur Berserker began the quest for the Orb.
     0 | D:1      | Reached XP level 1. HP: 19/19 MP: 0/0
   173 | D:1      | You fall through a shaft!
   173 | D:2      | Found a shimmering altar of Xom.
   202 | D:1      | Reached XP level 2. HP: 11/27 MP: 1/1
   791 | D:2      | Reached XP level 3. HP: 33/33 MP: 2/2
   794 | D:2      | Reached ** piety under Trog
   886 | D:2      | Found an ancient bone altar of Kikubaaqudgha.
  1104 | D:2      | Found a bloodstained altar of Trog.
  1354 | D:2      | Reached XP level 4. HP: 31/40 MP: 3/3
  2064 | D:3      | Reached *** piety under Trog
  2473 | D:3      | Noticed Natasha
  2488 | D:3      | Killed Natasha
  2488 | D:3      | Reached XP level 5. HP: 27/47 MP: 4/4
  2865 | D:3      | Noticed cedor's ghost (weakling DsGl)
  2873 | D:3      | Killed cedor's ghost
  3017 | D:3      | Noticed Natasha
  3026 | D:3      | Killed Natasha
  3026 | D:3      | Reached skill level 5 in Fighting
  3054 | D:3      | Reached XP level 6. HP: 50/56 MP: 5/5
  3203 | D:4      | Found Xame's Antique Weapon Boutique.
  3234 | D:4      | Found a sand-covered staircase.
  3240 | Ossuary  | Entered an ossuary
  3420 | Ossuary  | Reached skill level 5 in Axes
  4107 | D:4      | Found a staircase to the Ecumenical Temple.
  4336 | D:4      | Noticed Edmund
  4343 | D:4      | Reached skill level 5 in Armour
  4343 | D:4      | Reached XP level 7. HP: 24/63 MP: 6/6
  4347 | D:4      | Killed Edmund
  4802 | D:5      | Entered Level 5 of the Dungeon
  4958 | D:5      | Reached skill level 5 in Dodging
  5229 | D:5      | Reached **** piety under Trog
  5741 | D:6      | Reached XP level 8. HP: 51/71 MP: 7/7
  5817 | D:6      | Noticed Lucio's ghost (novice SpVM)
  5837 | D:6      | Killed Lucio's ghost
  5837 | D:6      | Reached skill level 1 in Bows
  5879 | D:6      | Slain by an ice beast

Skill      XL: |  1  2  3  4  5  6  7  8 |
---------------+-------------------------+-----
Armour         | 3 4 5 6 |  6.2
Axes           | 4 5 6 7 |  7.2
Fighting       | 4 5 6 7 |  7.1
Dodging        | 3 4 5 |  5.7
Bows           | 2 |  2.0

Action                   |  1- 3 |  4- 6 |  7- 9 || total
-------------------------+-------+-------+-------++-------
Melee: Hand axe          |    94 |   133 |       ||   227
       Headbutt          |    14 |    36 |    12 ||    62
       War axe           |       |    87 |    70 ||   157
 Fire: Shortbow          |       |       |     9 ||     9
Invok: Berserk           |     1 |     3 |     2 ||     6
  Use: Scroll            |       |     1 |    10 ||    11
  Eat: Chunk             |     2 |     9 |     1 ||    12
       Beef jerky        |       |     2 |     1 ||     3
       Bread ration      |       |       |     1 ||     1
Armor: Animal skin       |     9 |       |       ||     9
       Ring mail         |    23 |    72 |       ||    95
       Scale mail        |       |       |    35 ||    35
Dodge: Dodged            |    61 |   105 |    50 ||   216
